 Dungeon Crawl Stone Soup version 0.28.0 (webtiles) character file.

Game seed: 4141270131275515857

1187 coolio the Conjurer (level 8, -1/41 HPs)
             Began as a Deep Elf Conjurer on Feb 11, 2022.
             Was a Follower of Vehumet.
             Killed from afar by a gargoyle (27 damage)
             ... with a stone arrow
             ... on level 5 of the Dungeon.
             The game lasted 00:11:02 (5468 turns).

coolio the Conjurer (Deep Elf Conjurer)             Turns: 5468, Time: 00:11:07

Health: -1/41      AC:  4    Str:  6    XL:     8   Next: 19%
Magic:  6/19       EV: 13    Int: 24    God:    Vehumet [*.....]
Gold:   191        SH:  0    Dex: 13    Spells: 7/19 levels left

rFire   . . .      SeeInvis .   f - staff of poison
rCold   . . .      Faith    .   (no shield)
rNeg    . . .      Spirit   .   a - +0 robe
rPois   +          Reflect  .   g - +0 helmet
rElec   .          Harm     .   (no cloak)
rCorr   .          Rampage  .   l - +0 pair of gloves
Will    .....                   (no boots)
Stlth   ++........              (no amulet)
HPRegen 0.13/turn               (no ring)
MPRegen 0.16/turn               (no ring)

@: no status effects
A: no striking features
a: Renounce Religion


You were on level 5 of the Dungeon.
You worshipped Vehumet.
Vehumet was aware of your devotion.
You visited 1 branch of the dungeon, and saw 5 of its levels.

You collected 191 gold pieces.

Inventory:

Armour
 a - a +0 robe (worn)
 g - a +0 helmet (worn)
 l - a +0 pair of gloves (worn)
Magical Staves
 f - a staff of poison (weapon)
Scrolls
 d - a scroll of enchant armour {unknown}
 h - a scroll of immolation {unknown}
 i - 4 scrolls of identify {unknown}
 o - a scroll of noise {unknown}
 p - a scroll of blinking {unknown}
Potions
 b - 2 potions of degeneration {unknown}
 c - 2 potions of heal wounds
 e - a potion of might {unknown}
 j - a potion of brilliance {unknown}
 k - a potion of flight {unknown}
 m - a potion of curing {unknown}
 n - a potion of magic {unknown}
 q - a potion of haste {unknown}


   Skills:
 - Level 5.0 Dodging
 - Level 2.4 Stealth
 + Level 6.1 Spellcasting
 * Level 7.9 Conjurations
 * Level 5.0 Translocations
 * Level 2.6 Transmutations


You had 7 spell levels left.
You knew the following spells:

 Your Spells              Type           Power      Damage    Failure   Level
a - Magic Dart            Conj           100%       1d8       1%          1
b - Searing Ray           Conj           90%        2d7       1%          2
c - Iskenderun's Mystic   Conj/Tloc      38%        2d9       5%          4
d - Irradiate             Conj/Tmut      16%        3d19      26%         5

Your spell library contained the following spells:

 Spells                   Type           Power      Damage    Failure   Level
 Foxfire                  Conj/Fire      100%       2x1d9     1%          1
 Dazzling Flash           Conj/Hex       52%        N/A       4%          3
 Animate Skeleton         Necr           14%        N/A       8%          1
 Pain                     Necr           28%        1d5       8%          1
 Fulminant Prism          Conj/Hex       13%        3d9       16%         4
 Vampiric Draining        Necr           7%         2d6       24%         3
 Blade Hands              Tmut           9%         N/A       58%         5
 Dragon Form              Tmut           9%         N/A       100%        7


Dungeon Overview and Level Annotations

Branches:
Dungeon (5/15)
 Temple: D:4-7

Altars:
Ashenzari
Fedhas
Sif Muna
Vehumet
Zin


Message History

The searing ray hits Eustachio.
Eustachio is almost dead.
Eustachio gestures wildly while chanting.
Eustachio blinks!
The searing ray hits Eustachio!
You kill Eustachio!
Vehumet accepts your kill.
The crimson imp disappears in a puff of smoke!
You finish channelling your searing ray.
The gargoyle hurls a stone arrow at you.
The stone arrow hits you!!
Ouch! That really hurt!
Your Translocations skill increases to level 5!
You aren't carrying any items that you can evoke.
It was a potion of heal wounds.
You feel much better.
Casting: Searing Ray (safe; 1% risk of failure)
Confirm with . or Enter, or press ? or * to list all spells.
Aiming: Searing Ray (safe; 1% risk of failure)
Press: ? - help, Shift-Dir - straight line, f - gargoyle
Aim: a gargoyle, wielding a +0 mace (grey smoke, 91% to hit)
The searing ray hits the gargoyle!
The gargoyle is moderately damaged. (Press . to maintain the ray.)
The gargoyle barely misses you.
The searing ray hits the gargoyle.
The gargoyle is heavily damaged.
The gargoyle hits you with a +0 mace!
Unknown command.
The searing ray hits the gargoyle but does no damage.
The gargoyle is heavily damaged.
The gargoyle hurls a stone arrow at you.
The stone arrow misses you.
Unknown command.
The searing ray hits the gargoyle but does no damage.
The gargoyle is heavily damaged.
You finish channelling your searing ray.
The gargoyle hurls a stone arrow at you.
The stone arrow hits you!!
Ouch! That really hurt!
You die...

#.# #.# #.#
#.### #...
#.. #9# #@#
#.# #.###
#...# ###.#
###.###.# #
##.......# .#
##....#####
#.
##.###..#####
#.


You could see a gargoyle.

Vanquished Creatures
  Eustachio (D:5)
  An ice beast (D:5)
  A black bear (D:3)
  2 ogres (D:5)
  A scorpion (D:5)
  A bullfrog skeleton (D:4)
  2 gnoll shamans
  A hound (D:4)
  An orc priest (D:5)
  3 iguanas
  2 orc wizards (D:4)
  A scorpion zombie (D:5)
  A statue (D:3)
  13 gnolls
  6 adders
  An adder skeleton (D:4)
  3 worms
  6 dart slugs
  5 orcs
  6 bats
  9 endoplasms
  8 goblins
  10 hobgoblins
  4 jackals (D:3)
  3 quokkas
  2 ball pythons
  5 frilled lizards
  9 kobolds
  A quokka skeleton (D:4)
  5 rats
114 creatures vanquished.

Vanquished Creatures (others)
  6 fungi (D:4)
  17 plants (D:3)
  2 toadstools (D:4)
25 creatures vanquished.

Grand Total: 139 creatures vanquished

Notes
Turn   | Place    | Note
-------+----------+-------------------------------------------
     0 | D:1      | coolio the Deep Elf Conjurer began the quest for the Orb.
     0 | D:1      | Reached XP level 1. HP: 10/10 MP: 6/6
   150 | D:1      | Reached XP level 2. HP: 15/15 MP: 2/8
   316 | D:1      | Learned a level 2 spell: Searing Ray
   550 | D:1      | Reached skill level 5 in Conjurations
   550 | D:1      | Reached XP level 3. HP: 8/19 MP: 0/10
  1079 | D:2      | Found a broken altar of Ashenzari.
  1085 | D:2      | Found a faded altar of an unknown god.
  1266 | D:2      | Reached XP level 4. HP: 24/24 MP: 4/11
  2145 | D:3      | Reached XP level 5. HP: 28/28 MP: 6/13
  2150 | D:3      | Learned a level 4 spell: Iskenderun's Mystic Blast
  2354 | D:3      | Reached skill level 6 in Conjurations
  2354 | D:3      | Reached skill level 1 in Translocations
  2527 | D:3      | Found a blossoming altar of Fedhas.
  2666 | D:3      | Noticed a black bear
  2697 | D:3      | Killed a black bear
  2698 | D:3      | Reached XP level 6. HP: 12/32 MP: 4/15
  2904 | D:3      | Found a radiant altar of Vehumet.
  2917 | D:3      | Became a worshipper of Vehumet
  3367 | D:3      | Found a shimmering blue altar of Sif Muna.
  3820 | D:4      | Reached skill level 5 in Spellcasting
  4291 | D:4      | Reached XP level 7. HP: 36/36 MP: 6/16
  4566 | D:4      | Reached * piety under Vehumet
  4566 | D:4      | Offered knowledge of Foxfire by Vehumet.
  4616 | D:4      | Learned a level 5 spell: Irradiate
  4635 | D:5      | Entered Level 5 of the Dungeon
  4639 | D:5      | Reached skill level 7 in Conjurations
  4914 | D:5      | Reached skill level 5 in Dodging
  4949 | D:5      | Found a glowing silver altar of Zin.
  4981 | D:5      | Reached skill level 1 in Transmutations
  5111 | D:5      | Reached XP level 8. HP: 12/41 MP: 4/18
  5455 | D:5      | Noticed Eustachio
  5460 | D:5      | Noticed a gargoyle
  5463 | D:5      | Killed Eustachio
  5464 | D:5      | Reached skill level 5 in Translocations
  5468 | D:5      | Killed from afar by a gargoyle

Illustrated notes

Levels and vault maps discovered:
D:1:      tarquinn_simple_flora_water_d, layout_basic
D:2:      layout_rooms, nicolae_ecumenical_lake_church, basic_altar,
          minmay_pentomino_p2
D:3:      layout_basic, mainiacjoe_overflow_small_starburst,
          overflow_temple_1_default, vehumet_statue, minmay_misc_feat_iff,
          nicolae_grassy_gnolls
D:4:      layout_rooms, minmay_gold_behind_fungi
D:5:      layout_loops_ring, kennysheep_little_box, uniq_prince_ribbit1,
          uniq_eustachio, uniq_edmund

Skill      XL: |  1  2  3  4  5  6  7  8 |
---------------+-------------------------+-----
Dodging        | 3 4 5 |  5.0
Conjurations   | 5 6 7 |  7.9
Spellcasting   | 4 5 6 |  6.1
Translocations | 2 3 4 5 |  5.0
Transmutations | 1 2 |  2.6
Stealth        | |  2.4

Action                   |  1- 3 |  4- 6 |  7- 9 || total
-------------------------+-------+-------+-------++-------
Melee: Staff             |       |     5 |       ||     5
 Cast: Magic Dart        |    70 |   160 |    54 ||   284
       Searing Ray       |       |     9 |    11 ||    20
  Use: Potion            |       |       |     1 ||     1
Armor: Robe              |       |     5 |     5 ||    10
Dodge: Dodged            |     3 |    20 |    23 ||    46
